 Dungeon Crawl Stone Soup version 0.29.0-5-ge4962eb29e (webtiles) character file.

Game seed: 3251713235768837227

86 gelatine the Shooter (level 4, -7/34 HPs)
             Began as a Demonspawn Hunter on Aug 30, 2022.
             Mangled by an orc
             ... wielding a +2 hand axe of venom
              (8 damage)
             ... on level 3 of the Dungeon.
             The game lasted 00:04:50 (1860 turns).

gelatine the Shooter (Demonspawn Hunter)            Turns: 1860, Time: 00:04:51

Health: -7/34      AC:  8    Str: 11    XL:     4   Next: 27%
Magic:  3/3        EV: 12    Int: 11    God:
Gold:   116        SH:  0    Dex: 18    Spells: 3/3 levels left

rFire   . . .      SeeInvis .   a - +0 shortbow
rCold   . . .      Faith    .   (shield currently unavailable)
rNeg    . . .      Spirit   .   c - +0 leather armour
rPois   .          Reflect  .   (helmet restricted)
rElec   .          Harm     .   (no cloak)
rCorr   .          Rampage  .   e - +0 pair of gloves
Will    .....                   (no boots)
Stlth   ++........              (no amulet)
HPRegen 0.11/turn               l - +4 ring of protection
MPRegen 0.08/turn               (no ring)

@: mighty, lethally poisoned (-7 -> -12), attractive, flying, unable to read
A: horns 1, low MP 1, inability to read after injury 1
a: no special abilities


You were on level 3 of the Dungeon.
You visited 1 branch of the dungeon, and saw 3 of its levels.

You collected 116 gold pieces.

Inventory:

Hand Weapons
 a - a +0 shortbow (weapon)
Armour
 c - a +0 leather armour (worn)
 e - a +0 pair of gloves (worn)
Jewellery
 l - a +4 ring of protection (left hand)
Scrolls
 b - a scroll of immolation
 d - a scroll of silence {unknown}
 f - 2 scrolls of identify {unknown}
 i - a scroll of blinking {unknown}
 j - 2 scrolls of enchant weapon {unknown}
 k - 2 scrolls of noise {unknown}
 m - a scroll of brand weapon {unknown}
 n - 3 scrolls of poison {unknown}
 o - a scroll of summoning {unknown}
 p - a scroll of amnesia {unknown}
 q - a scroll of butterflies {unknown}
 t - a scroll of enchant armour {unknown}
 v - a scroll of magic mapping {unknown}
 w - a scroll of fear {unknown}
Potions
 r - 2 potions of attraction


   Skills:
 + Level 2.6 Fighting
 + Level 4.6 Ranged Weapons
 + Level 1.0 Armour
 + Level 2.0 Dodging
 + Level 1.2 Stealth


You had 3 spell levels left.
You didn't know any spells.
Your spell library contained the following spells:

 Spells                   Type           Power      Damage    Failure   Level
 Sublimation of Blood     Necr           0%         N/A       56%         2
 Wereblood                Tmut           0%         N/A       56%         2
 Confusing Touch          Hex            0%         N/A       80%         3
 Animate Dead             Necr           0%         N/A       99%         4
 Borgnjor's Vile Clutch   Necr/Erth      0%         N/A       100%        5
 Yara's Violent Unravell  Hex/Tmut       0%         3d3       100%        5
 Death Channel            Necr           0%         N/A       100%        6
 Enfeeble                 Hex            0%         N/A       100%        7
 Summon Hydra             Summ           0%         N/A       100%        7


Dungeon Overview and Level Annotations

Branches:
Dungeon (3/15)

Altars:


Innate Abilities, Weirdness & Mutations

You have a pair of small horns on your head.
Your magical capacity is low. (-10% MP)
You occasionally lose the ability to read scrolls when taking damage.


Message History

It was a potion of heal wounds.
You feel much better.
You feel very sick. The orc misses you.
It was a potion of might.
You feel very mighty all of a sudden.
You feel very sick. The orc hits you but does no damage.
You are more poisoned.
It was a potion of flight.
You feel very buoyant.
You fly up into the air.
You feel very sick.
The orc hits you with a +2 hand axe of venom.
You are too injured to fight recklessly!
Fire: a) +0 shortbow
Press: ? - help, Q - select action Shift-Dir - straight line, f/p - orc
Aim: an orc, wielding a +2 hand axe of venom and wearing a +0 chain mail (71% to hit)
You shoot an arrow. The arrow closely misses the orc.
* * * LOW HITPOINT WARNING * * *
You feel very sick.
The orc hits you with a +2 hand axe of venom.
* * * LOW HITPOINT WARNING * * *
The orc misses you.
Fire: a) +0 shortbow
Press: ? - help, Q - select action Shift-Dir - straight line, f/p - orc
Aim: an orc, wielding a +2 hand axe of venom and wearing a +0 chain mail (71% to hit)
You shoot an arrow.
The arrow hits the orc but does no damage.
* * * LOW HITPOINT WARNING * * *
You feel very sick. The orc closely misses you.
Fire: a) +0 shortbow
Press: ? - help, Q - select action Shift-Dir - straight line, f/p - orc
Aim: an orc, wielding a +2 hand axe of venom and wearing a +0 chain mail (71% to hit)
You shoot an arrow. The arrow barely misses the orc.
* * * LOW HITPOINT WARNING * * *
You feel sick.
The orc hits you with a +2 hand axe of venom!
You feel threatened and lose the ability to read scrolls!
You die...

...... .....
..~⌠ ..~ .o .#
#+##+#####.#
#.....<@o{)#
###.##.##o.#
#....##..#
...<######....
## ##.### .#
.# .#


You could see an orc priest and an orc.

Vanquished Creatures
  Jessica (D:2)
  An adder (D:2)
  An orc (D:3)
  3 bats
  8 endoplasms
  4 giant cockroaches
  5 goblins
  4 hobgoblins
  2 jackals (D:1)
  6 kobolds
  A quokka (D:1)
  5 ball pythons
  A frilled lizard (D:1)
  4 rats
46 creatures vanquished.

Vanquished Creatures (others)
  5 plants (D:2)
5 creatures vanquished.

Grand Total: 51 creatures vanquished

Notes
Turn   | Place    | Note
-------+----------+-------------------------------------------
     0 | D:1      | gelatine the Demonspawn Hunter began the quest for the Orb.
     0 | D:1      | Reached XP level 1. HP: 16/16 MP: 1/1
   213 | D:1      | Reached skill level 4 in Ranged Weapons
   213 | D:1      | Gained mutation: You have a pair of small horns on your
                  | head. [demonic ancestry]
   213 | D:1      | Reached XP level 2. HP: 22/22 MP: 2/2
   592 | D:1      | Reached skill level 1 in Stealth
   952 | D:2      | Reached XP level 3. HP: 27/27 MP: 3/3
  1359 | D:2      | Noticed Jessica
  1366 | D:2      | Killed Jessica
  1367 | D:2      | Reached skill level 1 in Armour
  1367 | D:2      | Reached XP level 4. HP: 15/34 MP: 4/4
  1645 | D:2      | Found a faded altar of an unknown god.
  1854 | D:3      | Gained mutation: You occasionally lose the ability to read
                  | scrolls when taking damage. [potion of mutation]
  1854 | D:3      | Gained mutation: Your magical capacity is low. (-10% MP)
                  | [potion of mutation]
  1854 | D:3      | HP: 1/34 [poisoned by an orc]
  1860 | D:3      | HP: 1/34 [poisoned by an orc]
  1860 | D:3      | Mangled by an orc

Illustrated notes

Levels and vault maps discovered:
D:1:      scummos_arrival_forest, layout_loops_ring
D:2:      minmay_evil_eye, layout_rooms, serial_forest,
          infiniplex_forest_straight_2, infiniplex_forest_clump_diagonal,
          infiniplex_forest_corner_1, infiniplex_forest_lined_room_3,
          infiniplex_forest_end_3, chequers_ecumenical_altar_grove,
          nicolae_underground_beach, uniq_jessica
D:3:      layout_basic, gammafunk_ghost_abyssal_escape, corexii_leaking_fountain

Skill      XL: |  1  2  3 |
---------------+----------+-----
Ranged Weapons | 4 |  4.6
Stealth        | 1 |  1.2
Dodging        | 2 |  2.0
Armour         | 1 |  1.0
Fighting       | |  2.6

Action                   |  1- 3 |  4- 6 || total
-------------------------+-------+-------++-------
 Fire: Shortbow          |   117 |    24 ||   141
  Use: Potion            |       |     5 ||     5
Armor: Leather armour    |    15 |     1 ||    16
Dodge: Dodged            |    29 |     9 ||    38
